 Dungeon Crawl Stone Soup version 0.29.1-1-gd02db6906a (webtiles) character file.

Game seed: 5083879943350869043

140 tardwrangler69 the Digger (level 5, 0/31 HPs)
             Began as an Octopode Earth Elementalist on Oct 5, 2022.
             Slain by an orc wizard
             ... wielding a +0 dagger
              (2 damage)
             ... on level 2 of the Dungeon.
             The game lasted 00:01:50 (2991 turns).

tardwrangler69 the Digger (OpEE)                    Turns: 2991, Time: 00:01:51

Health: 0/31       AC:  1    Str:  8    XL:     5   Next: 22%
Magic:  7/10       EV: 13    Int: 19    God:
Gold:   159        SH:  0    Dex: 12    Spells: 10/11 levels left

rFire   . . .      SeeInvis .   (no weapon)
rCold   . . .      Faith    .   (no shield)
rNeg    . . .      Spirit   .   (helmet restricted)
rPois   .          Reflect  .   (no amulet)
rElec   .          Harm     .   (no ring)
rCorr   .          Rampage  .   (no ring)
Will    .....                   (no ring)
Stlth   +++.......              (no ring)
HPRegen 0.10/turn               (no ring)
MPRegen 0.12/turn               (no ring)
                                (no ring)
                                (no ring)

@: no status effects
A: almost no armour, amphibious, 8 rings, camouflage 1, gelatinous body 1,
(nimble swimmer 1), tentacles
a: no special abilities


You were on level 2 of the Dungeon.
You visited 1 branch of the dungeon, and saw 3 of its levels.

You collected 159 gold pieces.

Inventory:

Scrolls
 b - 3 scrolls of amnesia {unknown}
 c - a scroll of torment {unknown}
 d - a scroll of magic mapping {unknown}
 g - a scroll of immolation {unknown}
 h - 6 scrolls of identify {unknown}
 i - a scroll of brand weapon {unknown}
 j - a scroll of poison {unknown}
 k - a scroll of butterflies {unknown}
 m - a scroll of vulnerability {unknown}
Potions
 a - a potion of magic
 e - 3 potions of lignification {unknown}
 f - 2 potions of mutation {unknown}
 l - 4 potions of curing {unknown}
 n - a potion of might {unknown}


   Skills:
 - Level 2.0 Dodging
 - Level 2.6 Stealth
 + Level 3.7 Spellcasting
 - Level 1.0 Transmutations
 + Level 4.5 Earth Magic


You had 10 spell levels left.
You knew the following spells:

 Your Spells              Type           Power      Damage    Failure   Level
a - Sandblast             Erth           40%        2d10      2%          1

Your spell library contained the following spells:

 Spells                   Type           Power      Damage    Failure   Level
 Passwall                 Tmut/Erth      11%        N/A       7%          2
 Stone Arrow              Conj/Erth      24%        3d8       17%         3
 Petrify                  Tmut/Erth      14%        N/A       41%         4
 Leda's Liquefaction      Hex/Erth       6%         N/A       50%         4
 Lee's Rapid Deconstruct  Erth           10%        3d9*      52%         5
 Statue Form              Tmut/Erth      9%         N/A       100%        6


Dungeon Overview and Level Annotations

Branches:
Dungeon (3/15)

Altars:


Innate Abilities, Weirdness & Mutations

You cannot wear most types of armour.
You are amphibious.
You can wear up to eight rings at the same time.
Your skin changes colour to match your surroundings (Stealth+).
Your rubbery body absorbs attacks. (AC +1, EV +1)
((You are camouflaged when in or above water. (Stealth+)))
You have tentacles for arms and can constrict up to eight enemies at once.


Message History

Aiming: Sandblast (safe; 2% risk of failure)
Press: ? - help, Shift-Dir - straight line, f - you That would be overly suicidal.
Okay, then.
Casting: Sandblast (safe; 2% risk of failure)
Confirm with . or Enter, or press ? or * to list all spells.
Aiming: Sandblast (safe; 2% risk of failure)
Press: ? - help, Shift-Dir - straight line, f - you That would be overly suicidal.
Okay, then.
A magic dart appears from out of thin air!
The magic dart hits you!
* * * LOW HITPOINT WARNING * * *
You start resting.
An orc is nearby!
Casting: Sandblast (safe; 2% risk of failure)
Confirm with . or Enter, or press ? or * to list all spells.
Aiming: Sandblast (safe; 2% risk of failure)
Press: ? - help, Shift-Dir - straight line, f - orc
Aim: an orc, wielding a +0 short sword (83% to hit)
The blast of sand hits something but does no damage.
Casting: Sandblast (safe; 2% risk of failure)
Confirm with . or Enter, or press ? or * to list all spells.
Aiming: Sandblast (safe; 2% risk of failure)
Press: ? - help, Shift-Dir - straight line, f/p - orc
Aim: an orc, wielding a +0 short sword (83% to hit)
The blast of sand misses the orc.
Something hits you.
* * * LOW HITPOINT WARNING * * *
The orc closely misses you. Something hits you.
* * * LOW HITPOINT WARNING * * *
The orc misses you.
Casting: Sandblast (safe; 2% risk of failure)
Confirm with . or Enter, or press ? or * to list all spells.
Aiming: Sandblast (safe; 2% risk of failure)
Press: ? - help, Shift-Dir - straight line, f/p - orc
Aim: an orc, wielding a +0 short sword (83% to hit)
The blast of sand hits the orc!
You kill the orc!
Something hits you.
You die...

###### ############
#.....
#......{o..###.....
#.#######......>...
#####)#######..###.....
#.....@....##..........
#..........##..........
#...)......##..........
#......)...##..........
#..........##..........
#......................
#...........#.#.).#.###
##...<.......#.#........
#........#.#.#>#........


There were no monsters in sight!

Vanquished Creatures
  Jessica (D:3)
  An orc wizard (D:3)
  2 adders
  A dart slug (D:1)
  7 orcs
  2 ball pythons
  6 bats
  5 endoplasms
  4 giant cockroaches
  2 goblins
  4 hobgoblins
  4 jackals (D:1)
  4 quokkas
  5 frilled lizards
  6 kobolds
  6 rats
60 creatures vanquished.

Notes
Turn   | Place    | Note
-------+----------+-------------------------------------------
     0 | D:1      | tardwrangler69 the Octopode Earth Elementalist began the
                  | quest for the Orb.
     0 | D:1      | Reached XP level 1. HP: 11/11 MP: 3/3
    29 | D:1      | Found a faded altar of an unknown god.
   134 | D:1      | Reached XP level 2. HP: 17/17 MP: 1/5
   592 | D:1      | Reached XP level 3. HP: 20/21 MP: 2/6
  2110 | D:2      | Reached XP level 4. HP: 27/27 MP: 6/8
  2152 | D:2      | Reached skill level 4 in Earth Magic
  2297 | D:2      | You fall into a shaft and drop 1 floor!
  2327 | D:3      | Noticed Jessica
  2333 | D:3      | Killed Jessica
  2819 | D:3      | Reached XP level 5. HP: 16/31 MP: 4/10
  2991 | D:2      | Slain by an orc wizard

Illustrated notes

Levels and vault maps discovered:
D:1:      matt_arrival_los_fun, layout_basic,
          chequers_ecumenical_altar_simple_redux, serial_rivers,
          chequers_serial_rivers_marsh, chequers_serial_rivers_small_3,
          chequers_serial_rivers_small_3, chequers_serial_rivers_room_b,
          minivault_5, minmay_tripent
D:2:      layout_basic
D:3:      layout_loops_ring, kennysheep_nub, minmay_misc_feat_x,
          feat_on_display, uniq_sigmund, uniq_jessica, uniq_terence

Skill      XL: |  1  2  3  4 |
---------------+-------------+-----
Spellcasting   | 3 |  3.7
Earth Magic    | 4 |  4.5
Dodging        | |  2.0
Stealth        | |  2.6
Transmutations | |  1.0

Action                   |  1- 3 |  4- 6 || total
-------------------------+-------+-------++-------
Melee: Unarmed           |    13 |     1 ||    14
       Constrict         |     2 |     1 ||     3
       Tentacles         |     2 |     1 ||     3
 Cast: Sandblast         |    50 |    29 ||    79
Armor: Skin              |     2 |       ||     2
Dodge: Dodged            |    21 |     6 ||    27
